Map: Cactus Valley LE (Void)

Players

MaNa

  • Race: Protoss Protoss
  • Spawn Location: 7:00

Guru - Winner!

  • Race: Zerg Zerg
  • Spawn Location: 1:00

Event: IEM XI Katowice - World Championship 2017

VOD

Have the link to the VOD?

Description

Time

  • Played on: Feb. 28, 2017, 9:48 a.m.
  • Length: 10:02

All games in this series

Show
View Real Time Build Order
Export as new Build Order

MaNa Protoss 

Build Orders: 1 Gate Expand, Oracle Opening 

Get SALT Encoding   

  12  0:00  Probe (Chrono Boost)  
  13  0:11  Probe (Chrono Boost)  
  14  0:19  Pylon  
  14  0:22  Probe (Chrono Boost)  
  15  0:38  Probe (Chrono Boost)  
  15  0:41  Gateway  
  16  0:48  Probe (Chrono Boost)  
  17  0:51  Assimilator  
  17  0:59  Probe (Chrono Boost)  
  18  1:09  Probe (Chrono Boost)  
  19  1:22  Nexus  
  19  1:25  Probe (Chrono Boost)  
  20  1:35  Cybernetics Core  
  20  1:37  Probe (Chrono Boost)  
  21  1:43  Assimilator  
  21  1:48  Probe (Chrono Boost)  
  21  1:53  Pylon  
  22  1:58  Probe (Chrono Boost)  
  23  2:10  Adept  
  23  2:11  Warp Gate  
  23  2:12  Probe (Chrono Boost)  
  27  2:23  Probe (Chrono Boost)  
  27  2:34  Mothership Core (Chrono Boost), Probe (Chrono Boost)  
  30  2:45  Probe (Chrono Boost)  
  30  2:52  Adept  
  30  2:53  Probe (Chrono Boost)  
  30  2:56  Probe (Chrono Boost)  
  34  3:04  Probe (Chrono Boost)  
  35  3:06  Probe (Chrono Boost)  
  35  3:07  Stargate  
  36  3:14  Probe (Chrono Boost)  
  36  3:17  Probe (Chrono Boost)  
  38  3:21  Adept  
  38  3:25  Probe (Chrono Boost)  
  41  3:27  Probe (Chrono Boost)  
  41  3:34  Pylon  
  42  3:35  Probe (Chrono Boost)  
  42  3:38  Probe (Chrono Boost)  
  42  3:39  Gateway  
  42  3:40  Gateway  
  44  3:46  Oracle  
  44  3:47  Probe (Chrono Boost)  
  45  3:48  Probe (Chrono Boost)  
  49  3:56  Pylon  
  49  3:59  Probe x2 (Chrono Boost)  
  53  4:10  Probe (Chrono Boost)  
  53  4:11  Probe (Chrono Boost)  
  53  4:13  Nexus  
  53  4:18  Pylon  
  53  4:20  Oracle  
  53  4:21  Probe (Chrono Boost)  
  53  4:23  Probe (Chrono Boost)  
  54  4:32  Pylon  
  54  4:33  Probe (Chrono Boost)  
  54  4:35  Probe (Chrono Boost)  
  56  4:38  Adept  
  56  4:40  Pylon  
  56  4:42  Adept  
  56  4:45  Adept  
  62  4:52  Probe (Chrono Boost)  
  64  4:54  Probe (Chrono Boost)  
  64  4:55  Robotics Facility  
  64  5:03  Probe (Chrono Boost)  
  64  5:04  Adept x2  
  64  5:06  Probe (Chrono Boost)  
  70  5:12  Oracle  
  70  5:13  Probe (Chrono Boost)  
  67  5:18  Probe (Chrono Boost)  
  67  5:20  Assimilator  
  67  5:21  Assimilator  
  71  5:24  Probe (Chrono Boost)  
  73  5:29  Probe (Chrono Boost)  
  73  5:30  Probe (Chrono Boost)  
  73  5:34  Adept x3, Probe (Chrono Boost)  
  81  5:39  Warp Prism  
  81  5:40  Probe (Chrono Boost)  
  81  5:42  Probe (Chrono Boost)  
  83  5:47  Probe (Chrono Boost)  
  86  5:50  Probe (Chrono Boost)  
  86  5:53  Probe (Chrono Boost)  
  88  5:57  Probe (Chrono Boost), Forge  
  88  5:58  Twilight Council  
  88  6:01  Probe (Chrono Boost), Sentry  
  88  6:04  Probe (Chrono Boost)  
  93  6:08  Pylon  
  93  6:09  Probe (Chrono Boost)  
  93  6:11  Probe (Chrono Boost), Sentry  
  96  6:12  Pylon  
  96  6:13  Pylon  
  96  6:17  Probe (Chrono Boost)  
  98  6:21  Probe (Chrono Boost)  
  99  6:39  Sentry x3  
  96  6:40  Probe (Chrono Boost)  
  93  6:49  Assimilator  
  93  6:50  Assimilator, Protoss Ground Weapons Level 1  
  93  6:51  Charge  
  93  6:52  Gateway  
  93  6:53  Gateway  
  85  6:56  Gateway  
  85  6:59  Probe (Chrono Boost)  
  86  7:06  Zealot x2, Gateway  
  86  7:07  Zealot  
  92  7:10  Gateway  
  92  7:14  Gateway x2  
  90  7:16  Gateway, Immortal  
  94  7:25  Pylon  
  94  7:26  Pylon  
  94  7:27  Zealot  
  94  7:28  Zealot x2  
  100  7:39  Pylon  
  100  7:48  Zealot x3  
  100  7:50  Immortal  
  100  7:51  Probe x2 (Chrono Boost)  
  92  7:54  Probe (Chrono Boost)  
  95  7:59  Templar Archives  
  95  8:05  Stalker  
  97  8:06  Pylon  
  97  8:08  Zealot x2  
  97  8:09  Zealot x2  
  105  8:17  Stalker x2  
  109  8:24  Psionic Storm, Immortal  
  109  8:27  Pylon  
  111  8:37  High Templar x3  
  111  8:40  Gateway  
  117  8:47  Zealot x3  
  123  8:54  High Templar  
  119  8:58  Pylon  
  119  8:59  Warp Prism  
  111  9:13  Zealot x4  
  111  9:14  Zealot x6, Photon Cannon  
  131  9:17  Nexus  
  131  9:19  Photon Cannon  
  131  9:34  Zealot x8  
  120  9:51  Zealot x4  
  106  9:55  Zealot x3  
Show
View Real Time Build Order
Export as new Build Order

Guru Zerg - Winner!

Build Orders: Pool First 

Get SALT Encoding   

  12  0:00  Drone  
  13  0:13  Overlord  
  13  0:18  Drone  
  14  0:31  Drone x2  
  14  0:35  Drone  
  17  0:44  Spawning Pool  
  17  0:48  Drone  
  17  1:08  Hatchery  
  16  1:13  Drone  
  16  1:14  Extractor  
  16  1:16  Drone  
  17  1:32  Zergling x2, Queen  
  19  1:33  Zergling x2  
  21  1:41  Overlord  
  21  1:52  Drone  
  22  2:00  Drone  
  23  2:07  Queen  
  25  2:14  Drone  
  26  2:16  Metabolic Boost  
  26  2:20  Drone  
  27  2:23  Drone  
  28  2:31  Drone  
  28  2:33  Drone  
  30  2:39  Drone  
  30  2:43  Drone x2  
  32  2:52  Drone x2  
  32  2:57  Hatchery  
  32  3:02  Drone x2  
  32  3:04  Drone  
  35  3:11  Overlord, Pneumatized Carapace  
  35  3:15  Drone  
  36  3:21  Evolution Chamber  
  36  3:22  Drone  
  36  3:32  Drone x5  
  36  3:33  Drone  
  42  3:38  Overlord  
  42  3:41  Queen  
  44  3:51  Zerg Melee Weapons Level 1  
  44  3:55  Overlord  
  44  3:57  Overlord  
  44  3:59  Zergling x2  
  44  4:00  Zergling x6  
  48  4:03  Zergling x4  
  48  4:05  Zergling x2  
  48  4:07  Zergling x2  
  52  4:11  Spore Crawler  
  52  4:13  Spore Crawler  
  50  4:17  Zergling x4  
  50  4:20  Spore Crawler  
  50  4:22  Zergling x2  
  52  4:26  Drone x2  
  52  4:27  Overlord  
  52  4:28  Drone  
  52  4:29  Drone  
  55  4:31  Drone  
  55  4:33  Drone  
  55  4:35  Drone  
  58  4:39  Drone  
  58  4:45  Drone x3  
  62  4:46  Drone  
  62  4:52  Drone  
  63  4:55  Drone  
  63  4:56  Queen  
  65  5:00  Drone  
  65  5:01  Drone  
  65  5:02  Drone x3  
  65  5:05  Overlord, Drone  
  72  5:07  Drone  
  72  5:08  Overlord  
  69  5:16  Drone x2  
  69  5:19  Drone  
  69  5:20  Lair  
  69  5:21  Extractor x2  
  68  5:29  Zergling x2  
  68  5:30  Zergling x8  
  68  5:33  Hatchery  
  68  5:34  Zergling x4  
  68  5:35  Zergling x6  
  77  5:41  Zergling x2, Extractor  
  74  5:43  Zergling x2  
  74  5:47  Overlord  
  74  5:48  Baneling Nest  
  74  5:49  Zerg Ground Armor Level 1  
  74  5:52  Zergling x6  
  77  5:57  Drone x2  
  77  5:58  Drone  
  77  6:03  Zergling x6  
  82  6:09  Hatchery, Drone x3  
  82  6:10  Drone x2  
  86  6:11  Overlord  
  86  6:17  Drone  
  88  6:18  Drone x2  
  88  6:19  Drone x2  
  91  6:32  Zergling x2  
  90  6:33  Zergling x8  
  90  6:35  Overlord  
  89  6:40  Zergling x4  
  89  6:44  Zergling x6  
  87  6:50  Drone x3  
  87  6:51  Hydralisk Den  
  87  6:52  Spore Crawler  
  87  6:53  Zergling x2  
  87  6:54  Zergling x2  
  88  6:56  Zergling x4  
  88  6:58  Queen  
  88  7:01  Drone x3  
  95  7:03  Baneling x2  
  95  7:04  Drone  
  96  7:09  Zergling x4  
  96  7:12  Zergling x2  
  96  7:14  Spore Crawler, Drone  
  98  7:16  Zergling x6  
  98  7:18  Centrifical Hooks  
  98  7:21  Drone  
  102  7:23  Drone  
  102  7:24  Drone x4  
  102  7:29  Drone  
  108  7:30  Muscular Augments  
  108  7:32  Extractor  
  108  7:36  Overlord, Drone x3  
  103  7:44  Hydralisk x2  
  103  7:46  Zergling x4  
  103  7:48  Hydralisk x3  
  103  7:51  Hydralisk  
  109  7:54  Baneling x5  
  109  7:55  Hydralisk x2  
  109  7:56  Hydralisk x3  
  109  7:58  Zerg Missile Weapons Level 1  
  116  7:59  Hydralisk  
  116  8:02  Zergling x8  
  116  8:05  Zergling x6  
  125  8:10  Zergling x2  
  125  8:12  Zergling x6  
  128  8:15  Zergling x4  
  128  8:17  Hydralisk  
  128  8:19  Drone  
  133  8:20  Overlord, Drone  
  133  8:21  Zergling x2  
  133  8:24  Zergling x4  
  133  8:26  Hydralisk  
  137  8:29  Zergling x4  
  137  8:30  Zergling x2  
  140  8:35  Overlord  
  140  8:38  Hydralisk x2  
  140  8:42  Spore Crawler, Hydralisk  
  140  8:43  Hydralisk  
  143  8:48  Hydralisk x2  
  147  8:56  Hydralisk x5  
  147  8:58  Overlord  
  147  8:59  Overlord x2  
  157  9:06  Overlord, Evolution Chamber  
  157  9:09  Overlord  
  156  9:10  Zergling x2  
  156  9:14  Overlord  
  156  9:16  Spine Crawler, Baneling  
  156  9:17  Baneling x11  
  156  9:18  Zergling x2  
  156  9:19  Spine Crawler, Zergling x2  
  156  9:20  Zergling x10  
  156  9:22  Zergling x8  
  156  9:23  Zergling x2, Baneling  
  156  9:24  Baneling x2  
  166  9:25  Zergling x2, Baneling  
  166  9:28  Zergling x6  
  166  9:31  Baneling x6  
  170  9:32  Zergling x2  
  170  9:33  Zergling x2  
  170  9:34  Hydralisk  
  168  9:45  Zergling x14  

Tags
 
Add a new tag
Caveats
  • Supply blocks, unpowered buildings, or Contaminate may cause inaccurate times.
  • Supply counts are checked every 10 seconds.